 Dungeon Crawl Stone Soup version 0.28.0-47-ge53b351184 (webtiles) character file.

Game seed: 3782230321765478886

38 Bruhh the Chopper (level 3, -3/31 HPs)
             Began as a Hill Orc Fighter on May 1, 2022.
             Shot with a stone by a goblin (4 damage)
             ... on level 2 of the Dungeon.
             The game lasted 00:01:21 (975 turns).

Bruhh the Chopper (Hill Orc Fighter)                 Turns: 975, Time: 00:01:22

Health: -3/31      AC:  6    Str: 20    XL:     3   Next: 43%
Magic:  3/3        EV:  9    Int:  8    God:
Gold:   69         SH:  4    Dex: 10    Spells: 2/2 levels left

rFire   . . .      SeeInvis .   a - +0 war axe
rCold   . . .      Faith    .   c - +0 buckler
rNeg    . . .      Spirit   .   b - +0 scale mail
rPois   .          Reflect  .   (no helmet)
rElec   .          Harm     .   (no cloak)
rCorr   .          Rampage  .   (no gloves)
Will    .....                   (no boots)
Stlth   ..........              (no amulet)
HPRegen 0.10/turn               (no ring)
MPRegen 0.08/turn               (no ring)

@: mighty
A: no striking features
a: no special abilities


You were on level 2 of the Dungeon.
You visited 1 branch of the dungeon, and saw 2 of its levels.

You collected 69 gold pieces.

Inventory:

Hand Weapons
 a - a +0 war axe (weapon)
Armour
 b - a +0 scale mail (worn)
 c - a +0 buckler (worn)
Jewellery
 g - a ring of protection from fire
 h - a +4 ring of protection
Potions
 e - a potion of flight {unknown}
 f - a potion of brilliance {unknown}
 i - a potion of mutation {unknown}
 j - a potion of haste {unknown}


   Skills:
 - Level 3.6 Fighting
 + Level 5.0 Axes
 - Level 3.2 Armour
 - Level 3.2 Shields


You had 2 spell levels left.
You didn't know any spells.
Your spell library contained the following spells:

 Spells                   Type           Power      Damage    Failure   Level
 Beastly Appendage        Tmut           0%         N/A       85%         1
 Wereblood                Tmut           0%         N/A       94%         2
 Spider Form              Tmut/Pois      0%         N/A       99%         3


Dungeon Overview and Level Annotations

Branches:
Dungeon (2/15)

Altars:

Annotations:
D:2 Sigmund


Message History

Found a robe.
Found 17 stones.
j - a sapphire potion Sigmund the Dreaded comes into view.
He is wielding a +0 scythe.
Sigmund shouts!
You hear a shout!
Sigmund is nearby!
A goblin comes into view. It is wielding a +0 club.
The goblin unwields a +0 club.
The goblin wields a +0 hunting sling.
The goblin shoots a stone.
The stone hits you. Sigmund casts a spell at you.
You resist with significant effort.
A rat comes into view.
The goblin shoots a stone.
You block the stone.
You feel very mighty all of a sudden.
The goblin shoots a stone.
You block the stone. Sigmund hits you with a +0 scythe.
You closely miss Sigmund.
Sigmund mumbles some strange words.
Sigmund flickers and vanishes!
Deactivating autopickup; reactivate with Ctrl-A.
You closely miss something.
The goblin shoots a stone.
The stone hits you but does no damage. Something hits you!
You slash something! You closely miss the rat. Something hits you.
You block the rat's attack.
You closely miss something. You barely miss the rat. Something hits you.
You block the rat's attack.
You barely miss something. You hit the rat. The rat barely misses you.
You hear some strange, mumbled words.
A magic dart appears from out of thin air!
The magic dart hits you.
* * * LOW HITPOINT WARNING * * *
The goblin shoots a stone.
The stone hits you.
* * * LOW HITPOINT WARNING * * *
You hit something. You closely miss the rat. You block the rat's attack.
You block something's attack.
The goblin shoots a stone.
The stone barely misses you. The rat closely misses you.
You miss something. You hit the rat.
You kill the rat!
The goblin shoots a stone.
The stone hits you.
You die...

.....................
...................###
...†.................#
.......##.....[......#
........##+##........#
...†...........#.#####
.#...........(......#
.#....[.............#
.#......###.....@...#
...............{...#
..#............g....#
..#...............###
.......... ..........#
..####..#.# .. #..#.#


You could see a goblin.

Vanquished Creatures
  An adder (D:2)
  A worm (D:2)
  2 dart slugs
  4 hobgoblins
  2 quokkas (D:1)
  3 ball pythons
  5 bats
  2 goblins (D:1)
  2 kobolds
  3 rats
25 creatures vanquished.

Notes
Turn   | Place    | Note
-------+----------+-------------------------------------------
     0 | D:1      | Bruhh the Hill Orc Fighter began the quest for the Orb.
     0 | D:1      | Reached XP level 1. HP: 19/19 MP: 1/1
    64 | D:1      | Reached skill level 3 in Axes
   300 | D:1      | Reached XP level 2. HP: 26/26 MP: 2/2
   526 | D:1      | Reached skill level 4 in Axes
   543 | D:1      | Found a faded altar of an unknown god.
   865 | D:2      | Reached XP level 3. HP: 31/31 MP: 3/3
   911 | D:2      | Reached skill level 5 in Axes
   964 | D:2      | Noticed Sigmund
   973 | D:2      | HP: 1/31 [goblin/stone (5)]
   975 | D:2      | Shot with a stone by a goblin

Illustrated notes

Levels and vault maps discovered:
D:1:      wander_arrival_chamber, layout_basic, serial_forest,
          infiniplex_forest_lined_1, infiniplex_forest_lined_corner,
          infiniplex_forest_lined_2, infiniplex_forest_straight_1,
          infiniplex_forest_lined_1, infiniplex_forest_clump_curved,
          infiniplex_forest_corner_2, infiniplex_forest_straight_1,
          shapermc_ecumenical_altar_pompeii, chequers_avenue
D:2:      layout_basic, uniq_sigmund

Skill      XL: |  1  2  3 |
---------------+----------+-----
Axes           | 3 4 5 |  5.0
Fighting       | |  3.6
Armour         | |  3.2
Shields        | |  3.2

Action                   || total
-------------------------++-------
Melee: War axe           ||    78
  Use: Potion            ||     1
Armor: Scale mail        ||    52
Dodge: Dodged            ||    53
Block: Buckler           ||    18
